Devils vs Lightning

Created - March 30, 2024 at 12:20

Goals
1 2 3 T
Devils 0 0 1 1
Lightning 1 2 0 3
Shots
1 2 3 T
Devils 3 6 12 21
Lightning 11 6 5 22

GoalsPenalties
1st period
1. Lightning , Kaiden Guhle 6 (Patrice Bergeron 46, Jeff Skinner 27) at 3:00 (PP)
Michael McCarron (NJD) for Holding (Minor) at 2:52
Ryan Graves (NJD) for Delaying the game (Minor) at 19:07
2nd period
2. Lightning , Jeff Skinner 27 (John Klingberg 44, Brandon Montour 49) at 2:51
3. Lightning , William Karlsson 20 (Brock Nelson 27, Kaiden Guhle 18) at 16:17
No Penalty
3rd period
4. Devils , Chris Kreider 34 (Evgeni Malkin 41) at 3:14 (PP)
Sam Bennett (TBL) for Diving (Minor) at 1:39
Travis Konecny (NJD) for Roughing (Minor) at 1:39
Tyler Toffoli (TBL) for Tripping (Minor) at 2:28
Jeff Skinner (TBL) for Interference (Minor) at 5:01
Jeff Skinner (TBL) for High sticking (Minor) at 8:01
Goalie Stats
Andrei Vasilevskiy (NJD), 19 saves from 22 shots - (0.864), L, 28-16-9, 60:00 minutes
Jacob Markstrom (TBL), 20 saves from 21 shots - (0.952), W, 35-21-9, 60:00 minutes
3 StarsOfficial
1 - Kaiden Guhle (TBL)
2 - William Karlsson (TBL)
3 - Jeff Skinner (TBL)
Referees : Dan O'Rourke and Beaudry Halkidis
Linesman : Libor Suchanek and Luke Murray
Game Note
No Game Note
Finance
Level 1 -- Attendance: 5828 (89.66%) -- Ticket Income $641,080
Level 2 -- Attendance: 4006 (80.12%) -- Ticket Income $380,570
Level 3 -- Attendance: 2493 (71.23%) -- Ticket Income $186,975
Level 4 -- Attendance: 2763 (86.24%) -- Ticket Income $124,335
Luxury Box -- Attendance: 526 (52.60%) -- Ticket Income $189,360
Game was played at the Amalie Arena.
Total Attendance: 15616 (81.32%)
Total Ticket Income: $1,522,320
Other Income: $380,580
Total Income: $1,902,900



Team Name Goals Shots Shots Attemp Shots Blocked PIM HIT PP PK FO%
Devils 1214456251 / 3 (33%)160%
Lightning 3224868171 / 2 (50%)140%

Devils
Player Name POS G A P +/- PIM HIT SHT SB MP PP MP PP SHT PK MP PK SHT FO% FOT
Alexander WennbergC0000000015:250:0000:00056% 18
Brian DumoulinD000-1011218:350:0001:4000% 0
Chris KreiderLW1010015017:272:4220:0000% 0
Conor ShearyLW0000011015:430:0100:170100% 1
Damon SeversonD0000021119:542:1700:2700% 0
Dougie HamiltonD000-1011023:032:3011:3200% 0
Dylan CozensC000-1030017:002:1700:0000% 2
Erik GustafssonD000-1010117:220:0000:2700% 0
Evgeni MalkinC011-1035018:362:5210:00064% 14
Mathieu JosephRW000-100008:400:0001:5000% 1
Matt BoldyLW000-1002018:102:0400:000100% 2
Michael McCarronRW000-123007:060:0000:1700% 0
Mikhail SergachevD000-1041021:312:3000:0000% 0
Nino NiederreiterRW0000000018:172:5200:0000% 1
Ryan GravesD0000220117:170:0000:0800% 0
Sam ReinhartC0000001017:021:5500:00064% 22
Travis KonecnyRW0000231016:031:5510:0000% 0
Trevor LewisC000-100208:400:0001:50064% 11
Lightning
Player Name POS G A P +/- PIM HIT SHT SB MP PP MP PP SHT PK MP PK SHT FO% FOT
Alex KillornLW000002008:270:0000:0000% 1
Andrew PeekeD0000001115:140:0000:0000% 0
Barclay GoodrowC000000008:590:0000:5000% 0
Ben ChiarotD0000000018:120:0002:5800% 0
Brandon MontourD0111010423:541:1502:3500% 0
Brock NelsonC0112020017:151:3700:00038% 16
Dawson MercerC000000108:510:0000:0000% 0
Erik HaulaLW0000001012:060:0003:5700% 1
Jeff SkinnerLW1122415016:060:3000:0000% 0
John KlingbergD0111002123:541:1512:3500% 0
Kaiden GuhleD1121021017:540:5210:0000% 0
Kevin ShattenkirkD0001000020:520:5202:5800% 0
Patrice BergeronC0110014020:550:3000:19040% 25
Ryan StromeC000001009:170:0000:50050% 6
Sam BennettC0000222020:291:3700:00033% 3
Teddy BluegerC0000011012:330:0004:24141% 17
Tyler ToffoliRW0000210020:110:3000:00050% 2
William KarlssonC1012034017:151:3700:000100% 1



Play-by-Play

1st period


0:01 of 1st period - Sam Reinhart wins face-off versus Tyler Toffoli in neutral zone.
0:42 of 1st period - Shot by Patrice Bergeron.
0:42 of 1st period - Stopped by Andrei Vasilevskiy without a rebound.
0:43 of 1st period - Evgeni Malkin wins face-off versus Brock Nelson in Devils zone.
0:43 of 1st period - Evgeni Malkin is hit by William Karlsson.
0:46 of 1st period - Ryan Graves is hit by Jeff Skinner and loses puck.
0:59 of 1st period - Shot by Jeff Skinner.
0:59 of 1st period - Stopped by Andrei Vasilevskiy without a rebound.
1:00 of 1st period - Alexander Wennberg wins face-off versus Ryan Strome in Devils zone.
2:18 of 1st period - Matt Boldy is hit by Brock Nelson and loses puck.
2:29 of 1st period - Shot by Jeff Skinner.
2:29 of 1st period - Stopped by Andrei Vasilevskiy without a rebound.
2:30 of 1st period - Trevor Lewis wins face-off versus Teddy Blueger in Devils zone.
2:37 of 1st period - Shot by Mathieu Joseph.
2:37 of 1st period - Shot Blocked by Brandon Montour.
2:52 of 1st period - Minor Penalty to Michael McCarron for Holding.
2:53 of 1st period - Patrice Bergeron wins face-off versus Trevor Lewis in Devils zone.
2:54 of 1st period - Shot by Kevin Shattenkirk.
2:54 of 1st period - Shot Blocked by Ryan Graves.
2:56 of 1st period - Shot by Jeff Skinner.
2:56 of 1st period - Shot Misses the Net.
3:00 of 1st period - Shot by Kaiden Guhle.
3:00 of 1st period - Goal by Kaiden Guhle - Devils : 0 - Lightning : 1.
3:01 of 1st period - Sam Reinhart wins face-off versus Patrice Bergeron in neutral zone.
3:19 of 1st period - Icing by Brian Dumoulin.
3:20 of 1st period - Sam Reinhart wins face-off versus Brock Nelson in Devils zone.
3:42 of 1st period - Erik Gustafsson is hit by Kaiden Guhle and loses puck.
3:49 of 1st period - Shot by Jeff Skinner.
3:49 of 1st period - Stopped by Andrei Vasilevskiy with a rebound.
3:56 of 1st period - Off-side.
3:57 of 1st period - Patrice Bergeron wins face-off versus Alexander Wennberg in neutral zone.
4:14 of 1st period - Shot by Sam Bennett.
4:14 of 1st period - Stopped by Andrei Vasilevskiy without a rebound.
4:15 of 1st period - Evgeni Malkin wins face-off versus Teddy Blueger in Devils zone.
5:27 of 1st period - Shot by Patrice Bergeron.
5:27 of 1st period - Deflect By Sam Bennett.
5:27 of 1st period - Stopped by Andrei Vasilevskiy without a rebound.
5:28 of 1st period - Trevor Lewis wins face-off versus Brock Nelson in Devils zone.
6:07 of 1st period - Shot by Trevor Lewis.
6:07 of 1st period - Stopped by Jacob Markstrom without a rebound.
6:08 of 1st period - Patrice Bergeron wins face-off versus Alexander Wennberg in Lightning zone.
7:08 of 1st period - Off-side.
7:09 of 1st period - Brock Nelson wins face-off versus Sam Reinhart in neutral zone.
8:13 of 1st period - Alex Killorn is hit by Evgeni Malkin and loses puck.
8:59 of 1st period - Off-side.
9:00 of 1st period - Alexander Wennberg wins face-off versus Patrice Bergeron in neutral zone.
9:27 of 1st period - Shot by Patrice Bergeron.
9:27 of 1st period - Stopped by Andrei Vasilevskiy without a rebound.
9:28 of 1st period - Teddy Blueger wins face-off versus Sam Reinhart in Devils zone.
9:30 of 1st period - Barclay Goodrow is hit by Mikhail Sergachev and loses puck.
9:51 of 1st period - Mikhail Sergachev is hit by Teddy Blueger and loses puck.
10:28 of 1st period - Patrice Bergeron is hit by Chris Kreider and loses puck.
10:39 of 1st period - John Klingberg is hit by Conor Sheary and loses puck.
11:59 of 1st period - Shot by Jeff Skinner.
11:59 of 1st period - Shot Misses the Net.
12:01 of 1st period - Shot by Ben Chiarot.
12:01 of 1st period - Shot Misses the Net.
12:11 of 1st period - Shot by William Karlsson.
12:11 of 1st period - Shot Misses the Net.
12:13 of 1st period - Shot by Jeff Skinner.
12:13 of 1st period - Stopped by Andrei Vasilevskiy without a rebound.
12:14 of 1st period - Trevor Lewis wins face-off versus Ryan Strome in Devils zone.
12:14 of 1st period - Trevor Lewis is hit by Alex Killorn.
12:22 of 1st period - Dougie Hamilton is hit by Alex Killorn and loses puck.
13:17 of 1st period - Sam Reinhart is hit by Kaiden Guhle and loses puck.
14:04 of 1st period - Shot by William Karlsson.
14:04 of 1st period - Stopped by Andrei Vasilevskiy without a rebound.
14:05 of 1st period - Patrice Bergeron wins face-off versus Alexander Wennberg in Devils zone.
14:46 of 1st period - Shot by Nino Niederreiter.
14:46 of 1st period - Shot Blocked by John Klingberg.
14:55 of 1st period - Icing by John Klingberg.
14:56 of 1st period - Patrice Bergeron wins face-off versus Evgeni Malkin in Lightning zone.
14:58 of 1st period - Icing by Brandon Montour.
14:59 of 1st period - Evgeni Malkin wins face-off versus Patrice Bergeron in Lightning zone.
15:02 of 1st period - Shot by Dylan Cozens.
15:02 of 1st period - Shot Misses the Net.
15:04 of 1st period - Shot by Dougie Hamilton.
15:04 of 1st period - Shot Misses the Net.
15:06 of 1st period - Shot by Mikhail Sergachev.
15:06 of 1st period - Shot Blocked by Brandon Montour.
15:36 of 1st period - Shot by Evgeni Malkin.
15:36 of 1st period - Stopped by Jacob Markstrom with a rebound.
15:51 of 1st period - Icing by Jeff Skinner.
15:52 of 1st period - Alexander Wennberg wins face-off versus Brock Nelson in Lightning zone.
16:07 of 1st period - Ryan Graves is hit by William Karlsson and loses puck.
16:33 of 1st period - Andrew Peeke is hit by Damon Severson and loses puck.
17:18 of 1st period - Shot by Chris Kreider.
17:18 of 1st period - Deflect By Travis Konecny.
17:18 of 1st period - Shot Blocked by Andrew Peeke.
17:20 of 1st period - Shot by Chris Kreider.
17:20 of 1st period - Stopped by Jacob Markstrom without a rebound.
17:21 of 1st period - Patrice Bergeron wins face-off versus Dylan Cozens in Lightning zone.
17:39 of 1st period - Mikhail Sergachev is hit by Sam Bennett and loses puck.
18:43 of 1st period - Shot by William Karlsson.
18:43 of 1st period - Stopped by Andrei Vasilevskiy without a rebound.
18:44 of 1st period - Alexander Wennberg wins face-off versus Ryan Strome in Devils zone.
18:58 of 1st period - Shot by Ryan Strome.
18:58 of 1st period - Shot Misses the Net.
19:07 of 1st period - Minor Penalty to Ryan Graves for Delaying the game.
19:08 of 1st period - Brock Nelson wins face-off versus Trevor Lewis in Devils zone.
19:37 of 1st period - Shot by Kevin Shattenkirk.
19:37 of 1st period - Shot Misses the Net.
19:39 of 1st period - Shot by Kevin Shattenkirk.
19:39 of 1st period - Shot Blocked by Brian Dumoulin.
Goals for this period are 0 for Devils vs 1 for Lightning.
Shots for this period are 3 for Devils vs 11 for Lightning.

2nd period


0:01 of 2nd period - Patrice Bergeron wins face-off versus Trevor Lewis in neutral zone.
0:13 of 2nd period - Shot by John Klingberg.
0:13 of 2nd period - Stopped by Andrei Vasilevskiy without a rebound.
0:14 of 2nd period - Trevor Lewis wins face-off versus Brock Nelson in Devils zone.
0:54 of 2nd period - Icing by John Klingberg.
0:55 of 2nd period - Trevor Lewis wins face-off versus Brock Nelson in Lightning zone.
0:59 of 2nd period - Icing by Brandon Montour.
1:00 of 2nd period - Trevor Lewis wins face-off versus Brock Nelson in Lightning zone.
1:35 of 2nd period - Shot by Teddy Blueger.
1:35 of 2nd period - Shot Blocked by Damon Severson.
2:41 of 2nd period - Brandon Montour is hit by Dylan Cozens.
2:51 of 2nd period - Shot by Jeff Skinner.
2:51 of 2nd period - Goal by Jeff Skinner - Devils : 0 - Lightning : 2.
2:52 of 2nd period - Alexander Wennberg wins face-off versus Patrice Bergeron in neutral zone.
3:59 of 2nd period - Shot by Travis Konecny.
3:59 of 2nd period - Deflect By Sam Reinhart.
3:59 of 2nd period - Stopped by Jacob Markstrom without a rebound.
4:00 of 2nd period - Brock Nelson wins face-off versus Mathieu Joseph in Lightning zone.
4:44 of 2nd period - William Karlsson is hit by Michael McCarron and loses puck.
5:04 of 2nd period - Icing by Ryan Graves.
5:05 of 2nd period - Patrice Bergeron wins face-off versus Sam Reinhart in Devils zone.
5:10 of 2nd period - Shot by Patrice Bergeron.
5:10 of 2nd period - Stopped by Andrei Vasilevskiy without a rebound.
5:11 of 2nd period - Matt Boldy wins face-off versus Patrice Bergeron in Devils zone.
5:20 of 2nd period - Shot by Evgeni Malkin.
5:20 of 2nd period - Stopped by Jacob Markstrom without a rebound.
5:21 of 2nd period - Alexander Wennberg wins face-off versus Sam Bennett in Lightning zone.
5:22 of 2nd period - Shot by Conor Sheary.
5:22 of 2nd period - Shot Misses the Net.
6:50 of 2nd period - Off-side.
6:51 of 2nd period - Ryan Strome wins face-off versus Sam Reinhart in neutral zone.
6:53 of 2nd period - Andrew Peeke is hit by Travis Konecny and loses puck.
7:18 of 2nd period - Shot by Andrew Peeke.
7:18 of 2nd period - Stopped by Andrei Vasilevskiy with a rebound.
7:20 of 2nd period - Shot by Andrew Peeke.
7:20 of 2nd period - Shot Misses the Net.
7:23 of 2nd period - Alex Killorn is hit by Mikhail Sergachev and loses puck.
7:32 of 2nd period - Shot by Dawson Mercer.
7:32 of 2nd period - Shot Misses the Net.
7:51 of 2nd period - Icing by John Klingberg.
7:52 of 2nd period - Evgeni Malkin wins face-off versus Patrice Bergeron in Lightning zone.
8:00 of 2nd period - Icing by Brandon Montour.
8:01 of 2nd period - Matt Boldy wins face-off versus Patrice Bergeron in Lightning zone.
8:24 of 2nd period - Shot by Matt Boldy.
8:24 of 2nd period - Stopped by Jacob Markstrom without a rebound.
8:25 of 2nd period - Brock Nelson wins face-off versus Alexander Wennberg in Lightning zone.
8:41 of 2nd period - Brock Nelson is hit by Ryan Graves and loses puck.
9:05 of 2nd period - Shot by Jeff Skinner.
9:05 of 2nd period - Deflect By William Karlsson.
9:05 of 2nd period - Shot Misses the Net.
9:34 of 2nd period - Shot by Evgeni Malkin.
9:34 of 2nd period - Shot Misses the Net.
9:36 of 2nd period - Shot by Brian Dumoulin.
9:36 of 2nd period - Stopped by Jacob Markstrom without a rebound.
9:37 of 2nd period - Sam Reinhart wins face-off versus Patrice Bergeron in Lightning zone.
9:52 of 2nd period - Shot by Travis Konecny.
9:52 of 2nd period - Shot Blocked by Brandon Montour.
10:10 of 2nd period - Shot by Mikhail Sergachev.
10:10 of 2nd period - Stopped by Jacob Markstrom without a rebound.
10:11 of 2nd period - Teddy Blueger wins face-off versus Evgeni Malkin in Lightning zone.
10:16 of 2nd period - Barclay Goodrow is hit by Brian Dumoulin and loses puck.
10:37 of 2nd period - Shot by Dylan Cozens.
10:37 of 2nd period - Shot Misses the Net.
11:00 of 2nd period - Icing by Ben Chiarot.
11:01 of 2nd period - Sam Reinhart wins face-off versus Teddy Blueger in Lightning zone.
11:17 of 2nd period - Ben Chiarot is hit by Dougie Hamilton and loses puck.
11:40 of 2nd period - Shot by Chris Kreider.
11:40 of 2nd period - Stopped by Jacob Markstrom with a rebound.
12:21 of 2nd period - Shot by Alexander Wennberg.
12:21 of 2nd period - Shot Misses the Net.
15:05 of 2nd period - Shot by Erik Haula.
15:05 of 2nd period - Stopped by Andrei Vasilevskiy without a rebound.
15:06 of 2nd period - Trevor Lewis wins face-off versus Patrice Bergeron in Devils zone.
15:06 of 2nd period - Trevor Lewis is hit by Patrice Bergeron.
15:24 of 2nd period - Tyler Toffoli is hit by Erik Gustafsson and loses puck.
16:00 of 2nd period - Kaiden Guhle is hit by Michael McCarron and loses puck.
16:17 of 2nd period - Shot by William Karlsson.
16:17 of 2nd period - Goal by William Karlsson - Devils : 0 - Lightning : 3.
16:18 of 2nd period - Teddy Blueger wins face-off versus Evgeni Malkin in neutral zone.
16:24 of 2nd period - Erik Haula is hit by Mikhail Sergachev and loses puck.
17:15 of 2nd period - Shot by William Karlsson.
17:15 of 2nd period - Shot Misses the Net.
17:17 of 2nd period - Shot by Jeff Skinner.
17:17 of 2nd period - Shot Misses the Net.
18:52 of 2nd period - Shot by Tyler Toffoli.
18:52 of 2nd period - Shot Misses the Net.
18:54 of 2nd period - Shot by Patrice Bergeron.
18:54 of 2nd period - Shot Misses the Net.
19:21 of 2nd period - Icing by Brian Dumoulin.
19:22 of 2nd period - Alexander Wennberg wins face-off versus Teddy Blueger in Devils zone.
19:24 of 2nd period - Icing by Brian Dumoulin.
19:25 of 2nd period - Conor Sheary wins face-off versus Teddy Blueger in Devils zone.
19:34 of 2nd period - Shot by Brian Dumoulin.
19:34 of 2nd period - Shot Misses the Net.
19:56 of 2nd period - Shot by Nino Niederreiter.
19:56 of 2nd period - Shot Misses the Net.
Goals for this period are 0 for Devils vs 2 for Lightning.
Shots for this period are 6 for Devils vs 6 for Lightning.

3rd period


0:01 of 3rd period - Sam Bennett wins face-off versus Evgeni Malkin in neutral zone.
0:04 of 3rd period - Brian Dumoulin is hit by Sam Bennett and loses puck.
0:23 of 3rd period - Brandon Montour is hit by Dylan Cozens and loses puck.
0:28 of 3rd period - Shot by Evgeni Malkin.
0:28 of 3rd period - Stopped by Jacob Markstrom without a rebound.
0:29 of 3rd period - Alexander Wennberg wins face-off versus Brock Nelson in Lightning zone.
0:33 of 3rd period - Icing by Kevin Shattenkirk.
0:34 of 3rd period - Alexander Wennberg wins face-off versus Brock Nelson in Lightning zone.
0:42 of 3rd period - Icing by Jeff Skinner.
0:43 of 3rd period - William Karlsson wins face-off versus Sam Reinhart in Lightning zone.
0:43 of 3rd period - Kevin Shattenkirk is hit by Travis Konecny and loses puck.
0:52 of 3rd period - Kevin Shattenkirk is hit by Damon Severson and loses puck.
1:39 of 3rd period - Minor Penalty to Sam Bennett for Diving.
1:39 of 3rd period - Minor Penalty to Travis Konecny for Roughing.
1:40 of 3rd period - Evgeni Malkin wins face-off versus Patrice Bergeron in neutral zone.
2:28 of 3rd period - Minor Penalty to Tyler Toffoli for Tripping.
2:29 of 3rd period - Sam Reinhart wins face-off versus Teddy Blueger in Lightning zone.
3:12 of 3rd period - Shot by Evgeni Malkin.
3:12 of 3rd period - Shot Misses the Net.
3:14 of 3rd period - Shot by Chris Kreider.
3:14 of 3rd period - Goal by Chris Kreider - Devils : 1 - Lightning : 3.
3:15 of 3rd period - Sam Reinhart wins face-off versus Patrice Bergeron in neutral zone.
3:46 of 3rd period - Shot by Teddy Blueger.
3:46 of 3rd period - Stopped by Andrei Vasilevskiy with a rebound.
3:54 of 3rd period - Shot by Dylan Cozens.
3:54 of 3rd period - Shot Misses the Net.
3:56 of 3rd period - Shot by Chris Kreider.
3:56 of 3rd period - Shot Misses the Net.
4:11 of 3rd period - Icing by Damon Severson.
4:12 of 3rd period - Evgeni Malkin wins face-off versus Patrice Bergeron in Devils zone.
5:01 of 3rd period - Minor Penalty to Jeff Skinner for Interference.
5:02 of 3rd period - Sam Reinhart wins face-off versus Teddy Blueger in Lightning zone.
5:06 of 3rd period - Shot by Dougie Hamilton.
5:06 of 3rd period - Stopped by Jacob Markstrom without a rebound.
5:07 of 3rd period - Evgeni Malkin wins face-off versus Teddy Blueger in Lightning zone.
5:08 of 3rd period - Shot by Matt Boldy.
5:08 of 3rd period - Deflect By Evgeni Malkin.
5:08 of 3rd period - Shot Misses the Net.
5:20 of 3rd period - Shot by Evgeni Malkin.
5:20 of 3rd period - Stopped by Jacob Markstrom without a rebound.
5:21 of 3rd period - Teddy Blueger wins face-off versus Sam Reinhart in Lightning zone.
5:27 of 3rd period - Icing by Dougie Hamilton.
5:28 of 3rd period - Sam Reinhart wins face-off versus Teddy Blueger in Devils zone.
5:33 of 3rd period - Shot by Chris Kreider.
5:33 of 3rd period - Deflect By Sam Reinhart.
5:33 of 3rd period - Shot Blocked by Brandon Montour.
5:35 of 3rd period - Shot by Chris Kreider.
5:35 of 3rd period - Shot Misses the Net.
5:37 of 3rd period - Shot by Travis Konecny.
5:37 of 3rd period - Stopped by Jacob Markstrom without a rebound.
5:38 of 3rd period - Teddy Blueger wins face-off versus Evgeni Malkin in Lightning zone.
5:49 of 3rd period - Teddy Blueger is hit by Evgeni Malkin and loses puck.
6:13 of 3rd period - Shot by Matt Boldy.
6:13 of 3rd period - Deflect By Nino Niederreiter.
6:13 of 3rd period - Shot Misses the Net.
6:35 of 3rd period - Shot by Dylan Cozens.
6:35 of 3rd period - Shot Misses the Net.
6:37 of 3rd period - Shot by Chris Kreider.
6:37 of 3rd period - Stopped by Jacob Markstrom without a rebound.
6:38 of 3rd period - Sam Reinhart wins face-off versus Erik Haula in Lightning zone.
6:43 of 3rd period - Shot by Chris Kreider.
6:43 of 3rd period - Stopped by Jacob Markstrom without a rebound.
6:44 of 3rd period - Sam Reinhart wins face-off versus Teddy Blueger in Lightning zone.
6:45 of 3rd period - Shot by Travis Konecny.
6:45 of 3rd period - Shot Misses the Net.
7:15 of 3rd period - Shot by Tyler Toffoli.
7:15 of 3rd period - Deflect By Patrice Bergeron.
7:15 of 3rd period - Stopped by Andrei Vasilevskiy with a rebound.
7:27 of 3rd period - Shot by Sam Bennett.
7:27 of 3rd period - Shot Blocked by Brian Dumoulin.
7:49 of 3rd period - Trevor Lewis is hit by Tyler Toffoli.
8:00 of 3rd period - Erik Gustafsson is hit by William Karlsson.
8:01 of 3rd period - Minor Penalty to Jeff Skinner for High sticking.
8:02 of 3rd period - Teddy Blueger wins face-off versus Sam Reinhart in Lightning zone.
8:02 of 3rd period - Teddy Blueger is hit by Travis Konecny.
9:20 of 3rd period - Icing by Nino Niederreiter.
9:21 of 3rd period - Teddy Blueger wins face-off versus Nino Niederreiter in Devils zone.
10:24 of 3rd period - Shot by Trevor Lewis.
10:24 of 3rd period - Stopped by Jacob Markstrom without a rebound.
10:25 of 3rd period - Brock Nelson wins face-off versus Sam Reinhart in Lightning zone.
11:08 of 3rd period - Off-side.
11:09 of 3rd period - Patrice Bergeron wins face-off versus Alexander Wennberg in neutral zone.
11:23 of 3rd period - Conor Sheary is hit by Brandon Montour and loses puck.
11:41 of 3rd period - Icing by Conor Sheary.
11:42 of 3rd period - Alexander Wennberg wins face-off versus Alex Killorn in Devils zone.
11:42 of 3rd period - Alexander Wennberg is hit by Ryan Strome.
12:00 of 3rd period - Shot by Conor Sheary.
12:00 of 3rd period - Stopped by Jacob Markstrom with a rebound.
12:19 of 3rd period - Icing by Matt Boldy.
12:20 of 3rd period - Tyler Toffoli wins face-off versus Dylan Cozens in Devils zone.
12:27 of 3rd period - Shot by Patrice Bergeron.
12:27 of 3rd period - Shot Misses the Net.
12:39 of 3rd period - Shot by Patrice Bergeron.
12:39 of 3rd period - Shot Misses the Net.
13:05 of 3rd period - John Klingberg is hit by Dylan Cozens and loses puck.
13:09 of 3rd period - Brandon Montour is hit by Evgeni Malkin and loses puck.
13:29 of 3rd period - Mikhail Sergachev is hit by Brock Nelson and loses puck.
13:46 of 3rd period - Shot by Chris Kreider.
13:46 of 3rd period - Shot Misses the Net.
13:48 of 3rd period - Shot by Damon Severson.
13:48 of 3rd period - Stopped by Jacob Markstrom without a rebound.
13:49 of 3rd period - Ryan Strome wins face-off versus Alexander Wennberg in Lightning zone.
14:03 of 3rd period - Shot by Ryan Strome.
14:03 of 3rd period - Shot Blocked by Erik Gustafsson.
14:05 of 3rd period - Shot by Dawson Mercer.
14:05 of 3rd period - Stopped by Andrei Vasilevskiy without a rebound.
14:06 of 3rd period - Sam Reinhart wins face-off versus Brock Nelson in Devils zone.
14:16 of 3rd period - Kevin Shattenkirk is hit by Ryan Graves and loses puck.
14:21 of 3rd period - Shot by William Karlsson.
14:21 of 3rd period - Stopped by Andrei Vasilevskiy without a rebound.
14:22 of 3rd period - Ryan Strome wins face-off versus Alexander Wennberg in Devils zone.
15:03 of 3rd period - Shot by Alex Killorn.
15:03 of 3rd period - Shot Misses the Net.
15:27 of 3rd period - Icing by Chris Kreider.
15:28 of 3rd period - Sam Reinhart wins face-off versus Patrice Bergeron in Devils zone.
15:33 of 3rd period - Shot by Patrice Bergeron.
15:33 of 3rd period - Shot Misses the Net.
15:35 of 3rd period - Shot by John Klingberg.
15:35 of 3rd period - Stopped by Andrei Vasilevskiy without a rebound.
15:36 of 3rd period - Evgeni Malkin wins face-off versus Patrice Bergeron in Devils zone.
15:43 of 3rd period - Shot by Evgeni Malkin.
15:43 of 3rd period - Stopped by Jacob Markstrom without a rebound.
15:44 of 3rd period - Evgeni Malkin wins face-off versus Sam Bennett in Lightning zone.
16:42 of 3rd period - Icing by Mikhail Sergachev.
16:43 of 3rd period - Brock Nelson wins face-off versus Alexander Wennberg in Devils zone.
16:47 of 3rd period - Jeff Skinner is hit by Mikhail Sergachev and loses puck.
17:02 of 3rd period - Shot by Kaiden Guhle.
17:02 of 3rd period - Shot Misses the Net.
18:02 of 3rd period - Shot by Teddy Blueger.
18:02 of 3rd period - Shot Misses the Net.
18:04 of 3rd period - Shot by Teddy Blueger.
18:04 of 3rd period - Shot Misses the Net.
18:46 of 3rd period - Shot by Matt Boldy.
18:46 of 3rd period - Stopped by Jacob Markstrom without a rebound.
18:47 of 3rd period - Sam Reinhart wins face-off versus Patrice Bergeron in Lightning zone.
19:07 of 3rd period - Icing by John Klingberg.
19:08 of 3rd period - Patrice Bergeron wins face-off versus Trevor Lewis in Lightning zone.
19:08 of 3rd period - Patrice Bergeron is hit by Michael McCarron.
19:39 of 3rd period - Shot by Tyler Toffoli.
19:39 of 3rd period - Shot Misses the Net.
Goals for this period are 1 for Devils vs 0 for Lightning.
Shots for this period are 12 for Devils vs 5 for Lightning.